 Dungeon Crawl Stone Soup version 0.18.1-1-g2f07953 (webtiles) character file.

5497 kspaans the Destroyer (level 10, -6/69 HPs)
             Began as a Red Draconian Conjurer on May 16, 2016.
             Was a Priest of Sif Muna.
             Mangled by an eight-headed hydra (15 damage)
             ... on level 1 of the Lair of Beasts on May 17, 2016.
             The game lasted 02:30:49 (14518 turns).

kspaans the Destroyer (Red Draconian Conjurer)     Turns: 14518, Time: 02:30:49

Health: -6/69      AC: 13    Str: 10    XL:     10   Next: 42%
Magic:  9/19       EV: 15    Int: 21    God:    Sif Muna [***...]
Gold:   372        SH:  0    Dex: 18    Spells: 8 memorised, 0 levels left

rFire  + + +     SeeInvis .     T - +1 shortbow
rCold  x . .     Gourm    .     (armour unavailable)
rNeg   . . .     Faith    .     (shield currently unavailable)
rPois  +         Spirit   .     C - +1 hat "Paufialy" {rPois rF++ rC-}
rElec  .         Dismiss  .     s - +2 cloak
rCorr  .         Reflect  .     q - +0 pair of gloves
SustAt .         Harm     .     z - +0 pair of boots {run}
MR     .....                    (no amulet)
Stlth  +++.......               M - +3 ring of intelligence
                                K - +5 ring of dexterity

@: short of breath, quick, not resistant to hostile enchantments, fairly
stealthy
A: breathe fire, unfitting armour, stinger 1, fire resistance 1, cold-blooded,
AC +7
a: Breathe Fire, Channel Energy, Renounce Religion


You were on level 1 of the Lair of Beasts.
You worshipped Sif Muna.
Sif Muna was most pleased with you.
You were hungry.

You visited 3 branches of the dungeon, and saw 12 of its levels.
You also visited: Ossuary.

You collected 624 gold pieces.
You spent 252 gold pieces at shops.

Inventory:

Hand Weapons
 h - a +1 dagger of draining
 v - a +0 war axe
 G - a +2 dagger of venom
 T - a +1 shortbow (weapon)
 W - a +0 dagger of protection
Missiles
 c - 71 bolts
 d - 153 arrows (quivered)
 l - 44 poisoned needles
Armour
 q - a +0 pair of gloves (worn)
 s - a +2 cloak (worn)
 z - a +0 pair of boots of running (worn)
 C - the +1 hat "Paufialy" (worn) {rPois rF++ rC-}
   (You acquired it on level 7 of the Dungeon)

   It greatly protects you from fire.
   It makes you vulnerable to cold.
   It protects you from poison.
Jewellery
 K - a +5 ring of dexterity (left hand)
 M - a +3 ring of intelligence (right hand)
Wands
 o - a wand of paralysis (10/24)
Scrolls
 b - a scroll of magic mapping {unknown}
 y - a scroll of fear
 B - a scroll of enchant armour {unknown}
 E - a scroll of amnesia
 F - 2 scrolls of enchant weapon
 H - 6 scrolls of identify
 R - 5 scrolls of remove curse
 U - 3 scrolls of teleportation
Potions
 e - 2 potions of haste
 f - a potion of magic {unknown}
 g - a potion of beneficial mutation
 i - 3 potions of berserk rage
 k - a potion of invisibility {unknown}
 p - a potion of mutation {unknown}
 t - a potion of lignification {unknown}
 w - a potion of might
 x - 2 potions of brilliance
 D - 2 potions of cure mutation
 J - a potion of flight
 N - 2 potions of agility
 O - a potion of resistance
 P - a potion of curing
 Q - 2 potions of cancellation
Books
 a - a book of Conjurations

   Spells                             Type                      Level
   a - Magic Dart                     Conjuration                  1
   b - Searing Ray                    Conjuration                  2
   c - Dazzling Spray                 Conjuration/Hexes            3
   d - Fulminant Prism                Conjuration/Hexes            4
   e - Iskenderun's Mystic Blast      Conjuration                  4
   f - Iskenderun's Battlesphere      Conjuration/Charms           5
 m - a book of Spatial Translocations

   Spells                             Type                      Level
   a - Apportation                    Translocation                1
   b - Blink                          Translocation                2
   c - Shroud of Golubria             Charms/Translocation         2
   d - Portal Projectile              Translocation                3
   e - Teleport Other                 Translocation                3
   f - Passage of Golubria            Translocation                4
Comestibles
 j - a bread ration
 n - 5 beef jerkies
 r - 7 chunks of flesh
 Y - 3 meat rations


   Skills:
 - Level 0.2 Axes
 * Level 4.7 Bows
 - Level 2.9 Throwing
 + Level 4.7 Dodging
 * Level 5.5 Stealth
 * Level 6.4 Spellcasting
 * Level 8.5 Conjurations
 * Level 3.4 Hexes
 * Level 1.8 Translocations
 * Level 5.6 Invocations


You couldn't memorise any spells.
You knew the following spells:

 Your Spells              Type           Power        Failure   Level  Hunger
a - Magic Dart            Conj           ####         1%          1    None
b - Searing Ray           Conj           #####.       1%          2    None
c - Dazzling Spray        Conj/Hex       ####....     2%          3    #......
d - Iskenderun's Mystic   Conj           #####...     2%          4    ###....
e - Blink                 Tloc           N/A          10%         2    None
f - Teleport Other        Tloc           ##......     17%         3    #......
g - Iskenderun's Battles  Conj/Chrm      ###.....     54%         5    #####..
h - Apportation           Tloc           ##........   6%          1    None


Dungeon Overview and Level Annotations

Branches:
Dungeon (10/15)            Temple (1/1) D:7            Lair (1/8) D:8
    Orc: D:9-12

Altars:
Ashenzari
Dithmenos
Elyvilon
Makhleb
Ru
Sif Muna
Trog
Xom

Shops:
D:6 %

Annotations:
D:9 Sixotanaka's ghost, journeyman HuFi


Innate Abilities, Weirdness & Mutations

You can breathe blasts of fire.
Your fiery red scales are hard (AC +7).
Your body does not fit into most forms of armour.
Your flesh is heat resistant.
You are cold-blooded and may be slowed by cold attacks.
Your tail ends in a poisonous barb.


Message History

Press: ? - help, Shift-Dir - straight line, f/p - eight-headed hydra
Aim: an eight-headed hydra (heavily wounded)
The searing ray hits the eight-headed hydra.
The eight-headed hydra is severely wounded.
The searing ray hits the eight-headed hydra.
The eight-headed hydra is severely wounded.
You are feeling hungry.
The eight-headed hydra bites you! x2; The eight-headed hydra bites you.
The eight-headed hydra bites you but does no damage.
The eight-headed hydra closely misses you.
The eight-headed hydra bites you! x2; The eight-headed hydra bites you.
Casting: Searing Ray
Confirm with . or Enter, or press ? or * to list all spells.
You blink.
The eight-headed hydra bites you.
The eight-headed hydra closely misses you.
The eight-headed hydra bites you but does no damage.
The eight-headed hydra bites you!
* * * LOW HITPOINT WARNING * * *
The eight-headed hydra bites you!
You die...

##..÷.###
###.≈≈≈#
#..#.## #≈≈≈##
##...# #####
###.# ##÷# #÷.#
##§# #
##D#######..
#..@........
##..........
#...........
#..........[
#..............
##.............
#.............
#..#..........#
#..#.........(#


You could see an eight-headed hydra.

Vanquished Creatures
  The ghost of Ihatecarrots00 the Protected, a novice MiBe of Trog (D:8)
  A troll (D:9)
  A wraith (D:7)
  A wyvern (D:8)
  The ghost of Darkking666 the Chopper, an amateur MiBe of Trog (D:4)
  2 hungry ghosts
  4 hippogriffs
  Menkaure (D:5)
  A water moccasin (D:6)
  2 hell hounds (D:8)
  A sky beast (D:8)
  2 orc warriors
  3 ice beasts
  5 ogres
  3 centaurs
  3 giant frogs
  A wyvern skeleton (D:7)
  3 howler monkeys
  6 crimson imps
  A centaur zombie (D:6)
  A hound (D:8)
  A jelly (D:5)
  A giant frog skeleton (D:8)
  3 orc priests
  A centaur skeleton (D:5)
  10 orc wizards
  3 iguanas
  6 worker ants
  5 sheep
  A killer bee zombie (D:6)
  A hound skeleton (D:5)
  9 mummies
  A worker ant zombie (D:8)
  7 river rats (Lair:1)
  7 adders
  2 oozes
  2 adder skeletons
  4 worms
  2 dart slugs
  4 giant geckos
  36 orcs
  5 giant cockroaches
  10 goblins
  5 hobgoblins
  A jackal (D:9)
  3 quokkas
  2 ball pythons
  9 bats
  3 giant newts
  2 gnoll zombies (Ossuary)
  A hobgoblin zombie (Ossuary)
  8 kobolds
  4 kobold zombies (Ossuary)
  An orc zombie (Ossuary)
  2 quokka skeletons
  7 rats
213 creatures vanquished.

Vanquished Creatures (others)
  A fungus (Lair:1)
1 creature vanquished.

Grand Total: 214 creatures vanquished

Notes
Turn   | Place    | Note
--------------------------------------------------------------
     0 | D:1      | kspaans the Draconian Conjurer began the quest for the Orb.
     0 | D:1      | Reached XP level 1. HP: 14/14 MP: 3/3
   377 | D:1      | Reached XP level 2. HP: 20/20 MP: 0/5
  1199 | D:2      | Found a deep blue altar of Sif Muna.
  1232 | D:2      | Became a worshipper of Sif Muna the Loreminder
  1250 | D:2      | Learned a level 2 spell: Searing Ray
  1408 | D:2      | Reached XP level 3. HP: 26/26 MP: 3/6
  1890 | D:2      | Reached skill level 5 in Conjurations
  2533 | D:2      | Reached XP level 4. HP: 28/33 MP: 0/7
  2615 | D:2      | Reached skill level 1 in Throwing
  2987 | D:3      | Reached skill level 1 in Invocations
  3237 | D:3      | Reached XP level 5. HP: 38/38 MP: 3/8
  3579 | D:3      | Found a bloodstained altar of Trog.
  4343 | D:3      | Reached XP level 6. HP: 45/45 MP: 3/9
  4441 | D:4      | Found a shattered altar of Ashenzari.
  4525 | D:4      | Noticed Darkking666's ghost (amateur MiBe)
  4553 | D:4      | Noticed an ice beast
  4579 | D:4      | Killed Darkking666's ghost
  4579 | D:4      | Reached skill level 6 in Conjurations
  4829 | D:4      | Your scales start taking on a fiery red colour.
  4829 | D:4      | Reached XP level 7. HP: 50/50 MP: 3/11
  4829 | D:4      | Gained mutation: Your flesh is heat resistant. [Red Draconian growth]
  4935 | D:3      | Learned a level 3 spell: Dazzling Spray
  5034 | D:4      | Reached * piety under Sif Muna
  5199 | D:5      | Entered Level 5 of the Dungeon
  5209 | D:4      | You fall through a shaft for 2 floors!
  5644 | D:6      | Found a sand-covered staircase.
  5679 | Ossuary  | Entered an ossuary
  6145 | Ossuary  | Learned a level 4 spell: Iskenderun's Mystic Blast
  6279 | D:6      | Reached XP level 8. HP: 31/57 MP: 7/13
  6596 | D:5      | Noticed Menkaure
  6694 | D:5      | Found a shadowy altar of Dithmenos.
  6831 | D:5      | Found a white marble altar of Elyvilon.
  7051 | D:4      | Reached skill level 7 in Conjurations
  7051 | D:4      | Reached skill level 1 in Hexes
  7546 | D:5      | Killed Menkaure
  7546 | D:5      | Reached skill level 1 in Bows
  7628 | D:5      | Reached ** piety under Sif Muna
  7886 | D:5      | Found a sacrificial altar of Ru.
  8467 | D:6      | Found Rycoq's Food Shop.
  8476 | D:6      | Bought a beef jerky for 18 gold pieces
  8476 | D:6      | Bought a beef jerky for 18 gold pieces
  8476 | D:6      | Bought a beef jerky for 18 gold pieces
  8476 | D:6      | Bought a meat ration for 60 gold pieces
  8476 | D:6      | Bought a slice of pizza for 18 gold pieces
  8476 | D:6      | Bought a meat ration for 60 gold pieces
  8476 | D:6      | Bought a meat ration for 60 gold pieces
  9071 | D:7      | Learned a level 2 spell: Blink
  9075 | D:7      | Learned a level 3 spell: Teleport Other
  9091 | D:7      | Reached skill level 5 in Spellcasting
  9091 | D:7      | Reached XP level 9. HP: 51/62 MP: 8/16
  9456 | D:7      | Found a shimmering altar of Xom.
  9545 | D:7      | Found a burning altar of Makhleb.
  9793 | D:7      | Found a staircase to the Ecumenical Temple.
  9909 | D:7      | Reached skill level 8 in Conjurations
 10247 | D:7      | Found a bloodstained altar of Trog.
 10286 | D:7      | Reached *** piety under Sif Muna
 10579 | D:8      | Noticed Ihatecarrots00's ghost (novice MiBe)
 10594 | Temple   | Entered the Ecumenical Temple
 10908 | D:8      | HP: 3/62 [Ihatecarrots00's ghost (16)]
 11657 | D:7      | Reached skill level 5 in Invocations
 11782 | D:7      | Identified 3 scrolls of acquirement
 11783 | D:7      | Got a slimy hat
 11790 | D:7      | Identified the +1 hat "Paufialy" {rPois rF++ rC-} (You acquired it on level 7 of the Dungeon)
 11802 | D:7      | Identified a +0 pair of boots of running (You acquired it on level 7 of the Dungeon)
 12118 | D:8      | Reached skill level 5 in Stealth
 12215 | D:8      | Found a staircase to the Lair.
 12229 | D:8      | Reached skill level 1 in Translocations
 12231 | D:8      | Reached XP level 10. HP: 54/69 MP: 7/18
 12587 | D:8      | Learned a level 5 spell: Iskenderun's Battlesphere
 12589 | D:8      | Learned a level 1 spell: Apportation
 13089 | D:8      | Killed Ihatecarrots00's ghost
 13521 | D:10     | Entered Level 10 of the Dungeon
 13544 | D:9      | Noticed Sixotanaka's ghost (journeyman HuFi)
 14145 | D:8      | Gained mutation: Your tail ends in a poisonous barb. [potion of beneficial mutation]
 14191 | Lair:1   | Entered Level 1 of the Lair of Beasts
 14386 | Lair:1   | Noticed an eight-headed hydra
 14518 | Lair:1   | Mangled by an eight-headed hydra

Skill      XL: |  1  2  3  4  5  6  7  8  9 10 |
---------------+-------------------------------+-----
Stealth        | 2 3 4 5 |  5.5
Conjurations   | 5 6 7 8 |  8.5
Throwing       | 1 2 |  2.9
Invocations    | 1 2 3 4 5 |  5.6
Dodging        | 2 3 4 |  4.7
Spellcasting   | 3 5 6 |  6.4
Hexes          | 2 3 |  3.4
Bows           | 2 4 |  4.7
Translocations | 1 |  1.8
Axes           | |  0.2

Action                   |  1- 3 |  4- 6 |  7- 9 | 10-12 || total
-------------------------+-------+-------+-------+-------++-------
Melee: Unarmed           |     9 |       |       |       ||     9
       Club              |     3 |       |       |       ||     3
       Dagger            |     7 |       |       |       ||     7
       Tailslap          |     1 |     3 |     1 |       ||     5
       War axe           |    12 |    31 |    17 |       ||    60
       Shortbow          |       |       |     1 |       ||     1
 Fire: Shortbow          |       |       |    91 |    57 ||   148
Throw: Tomahawk          |       |       |    11 |       ||    11
       Stone             |       |       |     3 |       ||     3
 Cast: Magic Dart        |    61 |    57 |   238 |    72 ||   428
       Searing Ray       |     7 |    20 |    28 |    17 ||    72
       Iskenderun's Myst |       |       |     8 |     3 ||    11
       Blink             |       |       |     8 |     3 ||    11
       Iskenderun's Batt |       |       |       |     1 ||     1
 Abil: Breathe Fire      |       |       |    27 |    13 ||    40
  Use: Scroll            |     5 |     2 |     9 |     4 ||    20
       Potion            |     1 |     1 |    10 |     3 ||    15
  Eat: Chunk             |     3 |     3 |    10 |     4 ||    20
       Bread ration      |     1 |     1 |     3 |     1 ||     6
       Beef jerky        |       |     1 |       |       ||     1
       Meat ration       |       |       |     2 |       ||     2
       Pizza             |       |       |     1 |     1 ||     2
Armor: Skin              |    13 |    26 |    76 |    43 ||   158
Dodge: Dodged            |    24 |    37 |   158 |    84 ||   303
